 Dungeon Crawl Stone Soup version 0.27-a0-489-g24c7b1a3ef (webtiles) character file.

Game seed: 4977881812270665107

354 srzhan31 the Digger (level 6, -5/34 HPs)
             Began as a Gargoyle Earth Elementalist on Mar 2, 2021.
             Killed by divine providence
             ... invoked by an orc priest
              (11 damage)
             ... on level 4 of the Dungeon.
             The game lasted 00:27:06 (3466 turns).

srzhan31 the Digger (Gargoyle Earth Elementalist)   Turns: 3466, Time: 00:27:07

Health: -5/34      AC: 14    Str: 13    XL:     6   Next: 62%
Magic:  16/19      EV: 10    Int: 22    God:
Gold:   194        SH:  0    Dex: 10    Spells: 10/11 levels left

rFire    . . .     SeeInvis .   t - +3 quarterstaff (chaos)
rCold    . . .     Faith    .   (shield currently unavailable)
rNeg     + . .     Spirit   .   j - +0 ring mail
rPois    ∞         Reflect  .   C - +1 helmet
rElec    +         Harm     .   u - +0 cloak
rCorr    .         Rampage  .   B - +0 pair of gloves
Will     .....                  (no boots)
Stlth    +.........             w - amulet of magic regeneration
HPRegen  0.11/turn              s - ring of magical power
MPRegen  0.41/turn              y - +6 ring of intelligence

@: no status effects
A: negative energy resistance 1, electricity resistance, unbreathing,
petrification resistance, miasma immunity, AC +4
a: no special abilities


You were on level 4 of the Dungeon.
You visited 1 branch of the dungeon, and saw 4 of its levels.

You collected 194 gold pieces.

Inventory:

Hand Weapons
 e - a +2 antimagic halberd
 t - a +3 quarterstaff of chaos (weapon)
 x - a +1 vampiric dagger
Missiles
 b - 45 stones
 q - 11 poisoned darts
 r - 6 atropa-tipped darts
Armour
 f - a +0 chain mail
 j - a +0 ring mail (worn)
 u - a +0 cloak (worn)
 B - a +0 pair of gloves (worn)
 C - a +1 helmet (worn)
Jewellery
 d - a ring of fire
 i - an amulet of faith
 s - a ring of magical power (left hand)
 w - an amulet of magic regeneration (around neck)
 y - a +6 ring of intelligence (right hand)
Wands
 n - a wand of flame (19)
Scrolls
 a - a scroll of identify
 c - a scroll of fear {unknown}
 o - a scroll of magic mapping
 A - a scroll of teleportation {unknown}
Potions
 g - a potion of resistance
 h - 2 potions of curing
 k - a potion of cancellation {unknown}
 m - a potion of degeneration {unknown}
 v - a potion of mutation {unknown}
 z - a potion of brilliance {unknown}


   Skills:
 * Level 1.2 Fighting
 - Level 1.8(2.2) Maces & Flails
 * Level 1.9(2.3) Staves
 + Level 0.3 Throwing
 * Level 2.6 Armour
 + Level 2.0 Dodging
 + Level 2.3 Stealth
 + Level 3.2 Spellcasting
 + Level 0.7 Transmutations
 + Level 5.3 Earth Magic


You had 10 spell levels left.
You knew the following spells:

 Your Spells              Type           Power        Failure   Level
a - Sandblast             Erth           54%          2%          1

Your spell library contained the following spells:

 Spells                   Type           Power        Failure   Level
 Passwall                 Tmut/Erth      14%          11%         2
 Stone Arrow              Conj/Erth      30%          24%         3
 Petrify                  Tmut/Erth      17%          56%         4
 Lee's Rapid Deconstruct  Erth           13%          58%         5


Dungeon Overview and Level Annotations

Branches:
Dungeon (4/15)
 Temple: D:4-7

Altars:
Elyvilon
Nemelex Xobeh
Okawaru


Innate Abilities, Weirdness & Mutations

You are resistant to torment.
Your stone body is resilient. (AC +4)
You are immune to poison.
You resist negative energy. (rN+)
You are resistant to electric shocks. (rElec)
You can survive without breathing.
You are immune to petrification.
You are immune to miasma.


Message History

Aim: an orc wizard, wielding a +0 dagger and wearing a +0 robe (24% to evade)
The blast of sand hits the orc wizard!
You kill the orc wizard!
The orc priest shouts!
The orc priest invokes the aid of Beogh against you.
Beogh smites you!
You hear an angry hiss.
An adder comes into view.
The adder hisses angrily.
Found a hardcover book.
Aiming: Sandblast (safe; 2% risk of failure)
Press: ? - help, Q - select action, (/) - cycle Shift-Dir - straight line, f - orc
Aim: an orc, wielding a +0 club and wearing a +0 leather armour (19% to evade)
The blast of sand hits the orc!
You kill the orc!
Aiming: Sandblast (safe; 2% risk of failure)
Press: ? - help, Q - select action, (/) - cycle Shift-Dir - straight line, f - orc
Aim: an orc, wielding a +0 dagger and wearing a +0 ring mail (17% to evade)
The blast of sand misses the orc.
Aiming: Sandblast (safe; 2% risk of failure)
Press: ? - help, Q - select action, (/) - cycle Shift-Dir - straight line, f/p - orc
Aim: an orc, wielding a +0 dagger and wearing a +0 ring mail (17% to evade)
The blast of sand hits the orc but does no damage.
The orc priest calls down the wrath of Beogh upon you.
Beogh smites you!
* * * LOW HITPOINT WARNING * * *
Aiming: Sandblast (safe; 2% risk of failure)
Press: ? - help, Q - select action, (/) - cycle Shift-Dir - straight line, f - phantom, p - orc
Aim: a phantom (27% to evade)
Okay, then.
The phantom hits you but does no damage.
Aiming: Sandblast (safe; 2% risk of failure)
Press: ? - help, Q - select action, (/) - cycle Shift-Dir - straight line, f/p - orc
Aim: an orc, wielding a +0 dagger and wearing a +0 ring mail (17% to evade)
The blast of sand hits the orc.
The orc is moderately wounded.
The orc hits you but does no damage.
The orc priest mumbles some strange prayers to Beogh against you.
Beogh smites you!
You die...

###.#####'##.......##
#..........#.####.##
#.#........#.# #.#
#.#........#.# ###
#.#........#.#
#.#........#.#
#.#........+.#
#.##.......###
#.#.@...####
#.#o###.# #..S.#
###o.# #..# #).# #..#
.... .=...


You could see an orc priest, an adder and an orc.

Vanquished Creatures
  Crazy Yiuf (D:2)
  An iguana (D:4)
  An orc wizard (D:4)
  A worker ant (D:4)
  Robin (D:4)
  6 gnolls
  5 adders
  An ooze (D:3)
  5 worms
  6 dart slugs
  A leopard gecko (D:4)
  7 orcs
  5 giant cockroaches
  19 goblins
  14 hobgoblins
  4 jackals (D:3)
  A quokka (D:4)
  2 ball pythons
  8 bats
  5 frilled lizards
  6 kobolds
  7 rats
107 creatures vanquished.

Notes
Turn   | Place    | Note
-------+----------+-------------------------------------------
     0 | D:1      | srzhan31 the Gargoyle Earth Elementalist began the quest
                  | for the Orb.
     0 | D:1      | Reached XP level 1. HP: 10/10 MP: 3/3
   231 | D:1      | Reached skill level 4 in Earth Magic
   294 | D:1      | Reached XP level 2. HP: 15/15 MP: 3/5
   786 | D:1      | Reached XP level 3. HP: 15/19 MP: 4/6
  1135 | D:2      | Found a runed translucent door.
  1136 | D:2      | Noticed Crazy Yiuf
  1278 | D:2      | Found a white marble altar of Elyvilon.
  1330 | D:2      | Reached skill level 1 in Armour
  1407 | D:2      | Reached skill level 1 in Maces & Flails
  1410 | D:2      | Reached XP level 4. HP: 16/24 MP: 2/7
  1809 | D:2      | Found a sparkling altar of Nemelex Xobeh.
  2183 | D:2      | Killed Crazy Yiuf
  2184 | D:2      | Reached XP level 5. HP: 28/28 MP: 8/8
  2418 | D:3      | Found an iron altar of Okawaru.
  2861 | D:3      | Reached skill level 5 in Earth Magic
  3096 | D:4      | Reached skill level 1 in Staves
  3096 | D:4      | Reached XP level 6. HP: 33/33 MP: 10/10
  3218 | D:4      | Noticed Robin
  3228 | D:4      | Reached skill level 1 in Fighting
  3252 | D:4      | Killed Robin
  3466 | D:4      | Killed from afar by an orc priest

Illustrated notes

Levels and vault maps discovered:
D:1:      nicolae_arrival_washed_ashore, layout_loops_ring
D:2:      layout_loops_cross, general_overflow_altar, grunt_ministairs_11,
          elyvilon_altar_3, uniq_crazy_yiuf_cottage
D:3:      layout_rooms, okawaru_ov_weapons_minmay
D:4:      layout_basic, minmay_temple_entry_waves, uniq_robin, uniq_sigmund

Skill      XL: |  1  2  3  4  5  6 |
---------------+-------------------+-----
Earth Magic    | 4 5 |  5.3
Armour         | 1 2 |  2.6
Maces & Flails | 1 |  1.8
Spellcasting   | 3 |  3.2
Staves         | 1 |  1.9
Fighting       | 1 |  1.2
Dodging        | 2 |  2.0
Throwing       | |  0.3
Stealth        | |  2.3
Transmutations | |  0.7

Action                   |  1- 3 |  4- 6 || total
-------------------------+-------+-------++-------
Melee: Unarmed           |     1 |       ||     1
       Club              |    31 |       ||    31
       Mace              |    46 |     9 ||    55
       Quarterstaff      |       |    37 ||    37
Throw: Dart              |       |     5 ||     5
 Cast: Sandblast         |    28 |    89 ||   117
  Use: Scroll            |       |     5 ||     5
 Stab: Sleeping          |       |     2 ||     2
Armor: Robe              |     6 |       ||     6
       Chain mail        |     9 |       ||     9
       Ring mail         |    25 |    45 ||    70
Dodge: Dodged            |    62 |    57 ||   119

Table legend: (Time is in decaauts)
 A = Elapsed time spent in this place.
 B = Non-inter-level travel time spent in this place.
 C = Inter-level travel time spent in this place.
 D = Time resting spent in this place.
 E = Time spent auto-exploring this place.
 F = Levels seen in this place.
 G = Mean time per level.
                   A        B        C        D        E       F      G
               +--------+--------+--------+--------+--------+-----+--------+
         Total |   3509 |   3509 |      0 |      0 |     91 |   4 |  877.2 |
       Dungeon |   3509 |   3509 |      0 |      0 |     91 |   4 |  877.2 |
               +--------+--------+--------+--------+--------+-----+--------+

Top non-repeatable levels by time:
     D:2: 1315 daAuts
     D:1: 1065 daAuts
     D:3: 747 daAuts
     D:4: 381 daAuts
